 Dungeon Crawl Stone Soup version 0.31-a0-265-gcf7e37af1d (webtiles) character file.

Game seed: 6755679274118507522

151 qw the Shooter (level 5, -15/30 HPs)
             Began as a Gargoyle Hexslinger on July 13, 2023.
             Demolished by an ogre
             ... wielding a +0 giant spiked club
              (27 damage)
             ... on level 4 of the Dungeon.
             The game lasted 00:00:56 (2552 turns).

qw the Shooter (Gargoyle Hexslinger)                Turns: 2552, Time: 00:00:56

Health: -15/30     AC: 13    Str: 10    XL:     5   Next: 33%
Magic:  6/6        EV: 10    Int: 18    God:
Gold:   86         SH:  0    Dex: 19    Spells: 5/6 levels left

rFire   + . .        Y - +0 arbalest
rCold   + + .        (shield currently unavailable)
rNeg    + . .        g - +0 ring mail
rPois   inf          (no helmet)
rElec   +            j - +1 cloak
rCorr   .            (no gloves)
SInv    .            (no boots)
Will    .....        p - amulet of faith
Stlth   +            c - +6 ring of dexterity
HPRegen 0.25/turn    d - ring of protection from fire
MPRegen 0.10/turn

%: faith
@: weak-willed
A: sickness immunity, AC +4, negative energy resistance 1, electricity
resistance, torment resistance 1, petrification resistance, iridescent scales 1,
clever 1, cold resistance 2
a: no special abilities


You were on level 4 of the Dungeon.
You visited 1 branch of the dungeon, and saw 4 of its levels.

You collected 170 gold pieces.
You spent 84 gold pieces at shops.


Innate Abilities, Weirdness & Mutations

You are immune to sickness and miasma.
Your stone body is resilient. (AC +4)
You are immune to poison.
You resist negative energy. (rN+)
You are resistant to electric shocks. (rElec)
You are resistant to unholy torment.
You are immune to petrification.
You are partially covered in iridescent scales. (AC +2)
Your mind is acute. (Int +4, Str/Dex -1)
Your flesh is very cold resistant. (rC++)


   Skills:
 - Level 2.0 Fighting
 + Level 4.9 Ranged Weapons
 - Level 1.0 Armour
 - Level 1.5 Dodging
 - Level 1.0 Spellcasting
 - Level 2.6 Hexes


You had 5 spell levels left.
You knew the following spells:

 Your Spells              Type           Power      Damage    Failure   Level
a - Slow                  Hex            40%        N/A       17%         1

Your spell library contained the following spells:

 Spells                   Type           Power      Damage    Failure   Level
 Inner Flame              Hex/Fire       5%         N/A       65%         3
 Portal Projectile        Hex/Tloc       10%        N/A       65%         3
 Cause Fear               Hex            5%         N/A       86%         4

Inventory:

Hand Weapons
 Y - a +0 arbalest (weapon)
Armour
 g - a +0 ring mail (worn)
 j - a +1 cloak (worn)
Jewellery
 c - a +6 ring of dexterity (left hand)
 d - a ring of protection from fire (right hand)
 p - an amulet of faith (around neck)
Scrolls
 a - a scroll of identify
 k - 2 scrolls of teleportation
Potions
 b - a potion of curing
 f - a potion of enlightenment
 i - a potion of resistance
 m - a potion of heal wounds
 o - a potion of degeneration {unknown}
 q - a potion of mutation

Dungeon Overview and Level Annotations

Branches:
Dungeon (4/15)
 Temple: D:4-7

Altars:
Wu Jian

Shops:
D:1 :   D:2 [[=?*

Annotations:
D:1 1 runed translucent door


Message History

As you read the scroll labelled PUSEON MOYSCH, it crumbles to dust.
Magic quickly surges around you.
It was a scroll of vulnerability.
Done exploring.
2511 ||| READING 3 scrolls of identify.
As you read the scroll of identify, it crumbles to dust.
f - a potion of enlightenment;
2511 ||| IDENTIFYING white potion Done exploring.
2512 ||| READING 2 scrolls of identify.
As you read the scroll of identify, it crumbles to dust.
m - a potion of heal wounds;
2512 ||| IDENTIFYING fizzy black potion Done exploring.
(D) Dungeon
Where to? (* - list waypoints, Enter - D:3, ? - help)
What level of the Dungeon? (default 1, ? - help)
There is an escape hatch in the floor here.
There is an open door here.
There is an open door here.
There is a stone staircase leading down here.
You climb downwards.
The goblin shouts!
The ogre shouts!
Found a potion of enlightenment.
Found a stone staircase leading up.
There is a stone staircase leading up here.
There are monsters nearby!
Waypoint 3 assigned to D:4.
You shoot a bolt.
The bolt hits the ogre but does no damage.
You shoot a bolt. The bolt hits the ogre!
The ogre is moderately wounded.
You shoot a bolt. The bolt hits the ogre.
The ogre is heavily wounded.
The ogre completely misses you. The goblin hits you but does no damage.
You shoot a bolt. The bolt hits the ogre.
The ogre is heavily wounded.
The goblin hits you with a +0 club.
The ogre hits you with a +0 giant spiked club!
Ouch! That really hurt!
The goblin barely misses you.
2552 ||| STAIRDANCE The ogre hits you with a +0 giant spiked club!!
Ouch! That really hurt!
You die...

# .# .#
...########.##.
...............
.............#
.<...........##
......g@O.....#
...............
...............
..!............
...............
...............
.....#.........
#######........


You could see an ogre and a goblin.

Vanquished Creatures
  An orc priest (D:3)
  Jessica (D:3)
  2 adders (D:3)
  A worm (D:2)
  A dart slug (D:1)
  10 orcs (D:3)
  6 bats
  3 endoplasms (D:2)
  3 giant cockroaches (D:1)
  3 goblins
  5 hobgoblins
  3 jackals (D:2)
  3 kobolds
  3 quokkas
  6 ball pythons
  6 frilled lizards
  5 rats
62 creatures vanquished.

Notes
Turn   | Place    | Note
-------+----------+-------------------------------------------
     0 | D:1      | qw the Gargoyle Hexslinger began the quest for the Orb.
     0 | D:1      | Reached XP level 1. HP: 12/12 MP: 2/2
     0 | D:1      | 0 ||| qw: Version: 0.3-a-52-g30416fa
     0 | D:1      | 0 ||| qw: Game counter: 7644
     0 | D:1      | 0 ||| qw: Melee chars always use a shield: true
     0 | D:1      | 0 ||| qw: God list: Okawaru
     0 | D:1      | 0 ||| qw: Allow faded altars: false
     0 | D:1      | 0 ||| qw: Do Orc after clearing Dungeon:15 true
     0 | D:1      | 0 ||| qw: Do second Lair branch before Depths: true
     0 | D:1      | 0 ||| qw: Lair rune preference: random
     0 | D:1      | 0 ||| qw: Goals: Normal
     0 | D:1      | 0 ||| PLANNING D:1-11
     1 | D:1      | Found a runed translucent door.
   148 | D:1      | Reached XP level 2. HP: 15/16 MP: 3/3
   175 | D:1      | Reached skill level 3 in Ranged Weapons
   532 | D:1      | Found Ota Gowa's Book Emporium.
   706 | D:1      | 706 ||| UPGRADING to +0 ring mail.
   716 | D:1      | 716 ||| DROPPING +0 robe.
   717 | D:1      | 717 ||| UPGRADING to +0 cloak.
   722 | D:1      | 722 ||| READING 2 scrolls labelled ISUMIGHULUGG.
   723 | D:1      | 723 ||| READING 3 scrolls labelled JAOCUM FIAFYU.
   724 | D:1      | 724 ||| READING 3 scrolls labelled NIWOHIM EZEAQ.
   727 | D:1      | 727 ||| READING 2 scrolls labelled BITARARRAGG.
   728 | D:1      | 728 ||| READING scroll of enchant armour.
   728 | D:1      | 728 ||| ENCHANTING +0 cloak.
   729 | D:1      | 729 ||| DROPPING scroll of amnesia.
   730 | D:1      | 730 ||| DROPPING scroll of poison.
   731 | D:1      | 731 ||| DROPPING 2 scrolls of revelation.
   794 | D:2      | Found Eronez's General Store.
   800 | D:2      | 800 ||| SHOPLISTING +0 robe of cold resistance (92 gold,
                  | have 50).
   800 | D:2      | 800 ||| BUYING potion of curing (36 gold).
   800 | D:2      | Bought a potion of curing for 36 gold pieces
   800 | D:2      | 800 ||| SHOPLISTING scroll of identify (24 gold, have 14).
   826 | D:2      | Found Roetid's Jewellery Shoppe.
   865 | D:2      | Reached XP level 3. HP: 21/21 MP: 4/4
   872 | D:2      | 872 ||| SHOPLISTING amulet of the acrobat (420 gold, have
                  | 14).
   872 | D:2      | 872 ||| SHOPLISTING ring of Rarr {rPois MP+9 Str+3 Dex+6}
                  | (1013 gold, have 14).
   872 | D:2      | 872 ||| SHOPLISTING ring of positive energy (280 gold, have
                  | 14).
   872 | D:2      | 872 ||| SHOPLISTING ring of protection from cold (350 gold,
                  | have 14).
   872 | D:2      | 872 ||| SHOPLISTING ring of protection from fire (350 gold,
                  | have 14).
   872 | D:2      | 872 ||| SHOPLISTING ring of resist corrosion (280 gold,
                  | have 14).
   872 | D:2      | 872 ||| SHOPLISTING ring of see invisible (210 gold, have
                  | 14).
   881 | D:2      | Found a faded altar of an unknown god.
   927 | D:2      | 927 ||| SWAPPING to +0 arbalest.
   928 | D:2      | 928 ||| DROPPING +1 sling.
   972 | D:2      | Found Alufe's Magic Scroll Boutique.
   981 | D:2      | Reached skill level 1 in Armour
   999 | D:2      | 999 ||| BUYING scroll of identify (24 gold).
   999 | D:2      | Bought a scroll of identify for 24 gold pieces
   999 | D:2      | 999 ||| BUYING scroll of identify (24 gold).
   999 | D:2      | Bought a scroll of identify for 24 gold pieces
   999 | D:2      | 999 ||| SHOPLISTING scroll of identify (24 gold, have 4).
   999 | D:2      | 999 ||| SHOPLISTING scroll of teleportation (36 gold, have
                  | 4).
  1381 | D:2      | Found Hiates's Armour Boutique.
  1390 | D:2      | 1390 ||| SHOPLISTING +1 hat (121 gold, have 34).
  1390 | D:2      | 1390 ||| SHOPLISTING +1 pair of gloves (126 gold, have 34).
  1390 | D:2      | 1390 ||| SHOPLISTING +2 robe of Summertime {rCorr MP-9
                  | Str+5 SInv} (210 gold, have 34).
  1412 | D:2      | Found Efo Pyh's Antique Armour Boutique.
  1420 | D:2      | 1420 ||| SHOPLISTING embroidered robe (88 gold, have 34).
  1590 | D:2      | 1590 ||| UPGRADING to amulet of faith.
  1595 | D:2      | 1595 ||| UPGRADING to +6 ring of dexterity.
  1596 | D:2      | 1596 ||| DROPPING +6 ring of intelligence.
  1597 | D:2      | 1597 ||| READING scroll labelled BAX ZEGIOFFEM.
  1598 | D:2      | 1598 ||| DRINKING 2 silvery potions.
  1599 | D:2      | 1599 ||| DRINKING 2 viscous orange potions.
  1599 | D:2      | Gained mutation: You are partially covered in iridescent
                  | scales. (AC +2) [potion of mutation]
  1599 | D:2      | Gained mutation: Your flesh is cold resistant. (rC+)
                  | [potion of mutation]
  1599 | D:2      | Gained mutation: Your mind is acute. (Int +4, Str/Dex -1)
                  | [potion of mutation]
  1599 | D:2      | Gained mutation: Your flesh is very cold resistant. (rC++)
                  | [potion of mutation]
  1600 | D:2      | 1600 ||| READING 4 scrolls of identify.
  1600 | D:2      | 1600 ||| IDENTIFYING fuming pink potion
  1601 | D:2      | 1601 ||| READING 3 scrolls of identify.
  1601 | D:2      | 1601 ||| IDENTIFYING emerald potion
  1602 | D:2      | 1602 ||| READING 2 scrolls of identify.
  1602 | D:2      | 1602 ||| IDENTIFYING sedimented sapphire potion
  1603 | D:2      | 1603 ||| DROPPING potion of brilliance.
  1604 | D:2      | 1604 ||| DROPPING potion of berserk rage.
  1605 | D:2      | 1605 ||| DROPPING potion of ambrosia.
  1694 | D:3      | Reached XP level 4. HP: 26/26 MP: 5/5
  1888 | D:3      | Noticed Jessica
  1889 | D:3      | Killed Jessica
  1890 | D:3      | Reached skill level 4 in Ranged Weapons
  1999 | D:3      | Reached XP level 5. HP: 30/30 MP: 6/6
  1999 | D:3      | Found an ornate altar of the Wu Jian Council.
  2508 | D:3      | 2508 ||| UPGRADING to ring of protection from fire.
  2509 | D:3      | 2509 ||| READING scroll labelled WURRECHO OLUE.
  2510 | D:3      | 2510 ||| READING scroll labelled PUSEON MOYSCH.
  2511 | D:3      | 2511 ||| READING 3 scrolls of identify.
  2511 | D:3      | 2511 ||| IDENTIFYING white potion
  2512 | D:3      | 2512 ||| READING 2 scrolls of identify.
  2512 | D:3      | 2512 ||| IDENTIFYING fizzy black potion
  2547 | D:4      | Noticed an ogre
  2552 | D:4      | 2552 ||| STAIRDANCE
  2552 | D:4      | Demolished by an ogre

Levels and vault maps discovered:
D:1:      dpeg_arrival_caged_fury, layout_basic, serial_shops, shop
D:2:      layout_basic, serial_shops, shop, shop, shop, shop,
          nicolae_shop_tiny_statue_garden, dreamdust_ecumenical_altar_statues,
          st_stairs_6, minmay_fractal_squares_gapless_5
D:3:      layout_loops_corners, nicolae_wu_jian_wuxing_cycle, uniq_jessica
D:4:      layout_rooms, grunt_gozag_statues

Skill      XL: |  1  2  3  4 |
---------------+-------------+-----
Ranged Weapons | 3 4 |  4.9
Fighting       | 2 |  2.0
Armour         | 1 |  1.0
Dodging        | |  1.5
Spellcasting   | |  1.0
Hexes          | |  2.6

Action                     |  1- 3 |  4- 6 || total
---------------------------+-------+-------++-------
   Fire: Sling             |    82 |       ||    82
         Arbalest          |    38 |    49 ||    87
    Use: Scroll            |     9 |     4 ||    13
         Potion            |     2 |       ||     2
 Armour: Robe              |    14 |       ||    14
         Ring mail         |    16 |    21 ||    37
  Dodge: Dodged            |    41 |    27 ||    68

Table legend:
 A = Non-vault XP
 B = Vault XP
 C = Vault XP percentage of total XP
 D = Non-vault monster count
 E = Vault monster count
 F = Vault count percentage of total count
                 A         B        C        D         E       F
            +---------+---------+-------+---------+---------+-------
      Total |     172 |      45 |  20.7 |      56 |       6 |   9.7
            +---------+---------+-------+---------+---------+-------
        D:1 |      29 |       0 |   0.0 |      17 |       0 |   0.0
        D:2 |      38 |       8 |  17.4 |      21 |       5 |  19.2
        D:3 |     105 |      37 |  26.1 |      18 |       1 |   5.3
            +---------+---------+-------+---------+---------+-------
